 Seeded DCSS version 0.31-a0-507-gbafd7f5274 (webtiles) character file.

Game seed: 11267003436938285035 (custom seed)

3718 innerfire43 the Grappler (level 10, 0/68 (76) HPs)
             Began as a Gnoll Shapeshifter on Aug 9, 2023.
             Was a Believer of Nemelex Xobeh.
             Slain by a wight
             ... wielding a +3 war axe
              (3 damage)
             ... on level 7 of the Dungeon.
             The game lasted 00:06:35 (5547 turns).

innerfire43 the Grappler (Gnoll Shapeshifter)       Turns: 5547, Time: 00:06:36

HP:   0/68 (76)     AC: 14    Str: 17    XL:     10   Next: 14%
MP:   17/17         EV: 13    Int: 11    God:    Nemelex Xobeh [**....]
Gold: 335           SH:  0    Dex: 14    Spells: 19/19 levels left

rFire   . .          .
                       - Unarmed
rCold   . . .        (no shield)
rNeg    . . .        s - +4 ring mail of Context {Int+3}
rPois   .            (helmet currently unavailable)
rElec   .            (cloak currently unavailable)
rCorr   .            (gloves currently unavailable)
SInv    .            (boots currently unavailable)
Will    .....        h - amulet of the acrobat
Stlth   ++           e - +4 ring of protection
HPRegen 0.31/turn    (no ring)
MPRegen 0.15/turn

%: acrobat
@: beast-form, heavily drained
A: beast (slay +4), fangs 1, strong nose, distributed training
a: Begin Untransformation, Renounce Religion, Draw Escape, Draw Destruction,
Draw Summoning


You were on level 7 of the Dungeon.
You worshipped Nemelex Xobeh.
Nemelex Xobeh was pleased with you.
You were a hulking beast.
You visited 2 branches of the dungeon, and saw 8 of its levels.

You collected 335 gold pieces.

Inventory:

Hand Weapons
 m - the +3 war axe "Fumotsiv" {speed, Int+3 Stlth+}
   (You took it off an orc warrior on level 7 of the Dungeon)

   Int+3:     It affects your intelligence (+3).
   Stlth+:    It makes you more stealthy.
Armour
 a - a +0 animal skin
 s - the +4 ring mail of Context (worn) {Int+3}
   (You found it on level 3 of the Dungeon)

   Int+3:     It affects your intelligence (+3).
 y - a +0 cloak
Jewellery
 e - a +4 ring of protection (left hand)
 h - an amulet of the acrobat (around neck)
 E - a ring of willpower
Talismans
 c - a beast talisman (active)
 d - a flux talisman
Wands
 z - a wand of charming (11)
 C - a wand of iceblast (3)
 D - a wand of acid (6)
Scrolls
 g - a scroll of torment {unknown}
 i - 4 scrolls of enchant armour {unknown}
 l - 2 scrolls of enchant weapon {unknown}
 n - 8 scrolls of identify {unknown}
 p - a scroll of amnesia {unknown}
 q - 5 scrolls of teleportation {unknown}
 r - 2 scrolls of blinking {unknown}
 t - a scroll of butterflies {unknown}
 x - 2 scrolls of poison {unknown}
Potions
 b - 2 potions of lignification
 f - 3 potions of brilliance {unknown}
 j - a potion of invisibility {unknown}
 k - a potion of curing {unknown}
 o - a potion of enlightenment {unknown}
 u - a potion of attraction {unknown}
 v - a potion of haste {unknown}
 w - 2 potions of degeneration {unknown}
 A - a potion of berserk rage {unknown}
 B - a potion of might {unknown}
Miscellaneous
 F - a phantom mirror


   Skills:
 + Level 5.7 Fighting
 + Level 5.1 Short Blades
 + Level 5.1 Long Blades
 + Level 5.1 Axes
 + Level 5.1 Maces & Flails
 + Level 5.1 Polearms
 + Level 5.1 Staves
 + Level 5.1 Ranged Weapons
 + Level 5.1 Throwing
 + Level 5.1 Armour
 + Level 6.9 Dodging
 + Level 5.1 Stealth
 + Level 5.1 Shields
 + Level 8.4 Unarmed Combat
 + Level 5.1 Spellcasting
 + Level 4.2 Conjurations
 + Level 4.2 Hexes
 + Level 4.2 Summonings
 + Level 4.2 Necromancy
 + Level 4.2 Translocations
 + Level 4.2 Transmutations
 + Level 4.2 Fire Magic
 + Level 4.2 Ice Magic
 + Level 4.2 Air Magic
 + Level 4.2 Earth Magic
 + Level 4.2 Poison Magic
 + Level 5.6 Invocations
 + Level 5.1 Evocations
 + Level 7.8 Shapeshifting


You had 19 spell levels left.
You didn't know any spells.
Your spell library contained the following spells:

 Spells                   Type           Power      Damage    Failure   Level
 Apportation              Tloc           24%        N/A       7%          1
 Necrotise                Necr           48%        1d6       7%          1
 Shock                    Conj/Air       48%        1d6       7%          1
 Summon Small Mammal      Summ           48%        N/A       7%          1
 Blink                    Tloc           24%        N/A       10%         2
 Ensorcelled Hibernation  Hex/Ice        24%        N/A       10%         2
 Lesser Beckoning         Tloc           24%        N/A       10%         2
 Momentum Strike          Conj/Tloc      24%        3d8       10%         2
 Passwall                 Tmut/Erth      10%        N/A       10%         2
 Swiftness                Air            12%        N/A       21%         3
 Airstrike                Air            6%         2d(1-17)  54%         4
 Alistair's Intoxication  Tmut/Pois      8%         N/A       88%         5


Dungeon Overview and Level Annotations

Branches:
Dungeon (7/15)             Temple (1/1) D:4

Altars:
Elyvilon
Fedhas
Gozag
Hepliaklqana
Kikubaaqudgha
Makhleb
Nemelex Xobeh
Ru
Sif Muna
Trog
Uskayaw
Vehumet
Xom
Yredelemnul
Zin
The Shining One

Shops:
D:7 *


Innate Abilities, Weirdness & Mutations

You are a hulking beast.
Your limbs bulge with bestial killing power. (Slay +4)
You have very sharp teeth.
Your uncanny sense of smell can sniff out nearby items.
Your experience applies equally to all skills.


Message History

You feel drained. The wight completely misses you. The wight misses you.
You hit the wight.
The wight is moderately damaged.
The wight closely misses you.
The wight hits you with a +3 morningstar.
The wight barely misses you. The wight completely misses you.
The wight closely misses you.
You see here a potion of heal wounds.
You closely miss the wight. You punch the wight.
The wight is lightly damaged.
The wight completely misses you. The wight barely misses you.
The wight hits you with a +0 trident.
You punch the wight!
The wight is almost destroyed.
The wight hits you with a +3 war axe! The wight hits you with a +2 spear.
You feel drained. The wight hits you with a +0 trident.
The wight hits you with a +3 morningstar!
You punch the wight!
You destroy the wight!
The wight closely misses you. The wight hits you but does no damage.
The wight hits you with a +0 trident.
You feel drained.
You barely miss the wight. The wight hits you but does no damage.
The wight hits you with a +3 morningstar.
The wight hits you with a +0 trident.
You punch the wight!
The wight is heavily damaged.
You closely miss the wight.
The wight is heavily damaged.
The wight hits you with a +3 morningstar!
* * * LOW HITPOINT WARNING * * *
The wight closely misses you. The wight completely misses you.
Unknown command.
You hit the wight. Your punch misses the wight.
The wight is heavily damaged.
The wight barely misses you. The wight hits you with a +3 war axe!
* * * LOW HITPOINT WARNING * * *
You feel drained.
You die...
Your body disappears without a glow.

#.# #.#
#...........# #.##
#...........# ##.#
........∩..## #.##
#...........#
#..##
#...........#
##[.# #..........#
#..## #.)z.......
##..# #.hz.......
#..# ###..z.......
#..###.....†...$..
##.#.$............
#................
#...........##...
##....####### ##
######


You could see 3 wights.

Vanquished Creatures
  A troll (D:7)
  A hornet (D:7)
  Prince Ribbit (D:6)
  Grinder (D:5)
  A vampire (D:7)
  A wyvern (D:7)
  3 water moccasins
  An orc warrior (D:7)
  A sky beast (D:6)
  A black bear (D:6)
  A centaur (D:6)
  A bullfrog (D:6)
  4 scorpions
  5 wights (D:7)
  2 howler monkeys (D:7)
  An orc priest (D:3)
  2 gnoll boudas (D:6)
  8 hounds
  A jelly (D:5)
  4 iguanas
  4 sleepcaps
  An orc wizard (D:3)
  7 gnolls
  4 adders
  3 white imps
  2 worms
  4 dart slugs
  16 orcs
  6 ball pythons
  3 bats
  7 endoplasms
  3 giant cockroaches
  2 goblins
  7 hobgoblins
  3 jackals
  5 kobolds
  2 quokkas
  5 frilled lizards
  5 rats
130 creatures vanquished.

Vanquished Creatures (collateral kills)
  A shadow (D:7)
  A vampire mosquito (D:7)
  A steam dragon (D:6)
  A floating eye (D:7)
  A gnoll (D:6)
  A shadow imp (D:7)
6 creatures vanquished.

Vanquished Creatures (others)
  A gnoll (D:6)
1 creature vanquished.

Grand Total: 137 creatures vanquished

Notes
Turn   | Place    | Note
-------+----------+-------------------------------------------
     0 | D:1      | innerfire43 the Gnoll Shapeshifter began the quest for the
                  | Orb.
     0 | D:1      | Reached XP level 1. HP: 17/17 MP: 1/1
    34 | D:1      | Reached XP level 2. HP: 20/23 MP: 2/2
   298 | D:1      | Reached XP level 3. HP: 28/28 MP: 3/3
   650 | D:2      | Reached skill level 1 in Invocations
   817 | D:2      | Reached skill level 1 in Short Blades
   817 | D:2      | Reached skill level 1 in Long Blades
   817 | D:2      | Reached skill level 1 in Axes
   817 | D:2      | Reached skill level 1 in Maces & Flails
   817 | D:2      | Reached skill level 1 in Polearms
   817 | D:2      | Reached skill level 1 in Staves
   817 | D:2      | Reached skill level 1 in Ranged Weapons
   817 | D:2      | Reached skill level 1 in Throwing
   817 | D:2      | Reached skill level 1 in Armour
   817 | D:2      | Reached skill level 1 in Stealth
   817 | D:2      | Reached skill level 1 in Shields
   817 | D:2      | Reached skill level 1 in Spellcasting
   817 | D:2      | Reached skill level 1 in Evocations
  1268 | D:3      | Identified the +4 ring mail of Context {Int+3}
  1359 | D:3      | Reached XP level 4. HP: 34/34 MP: 5/5
  1375 | D:3      | Reached skill level 1 in Conjurations
  1375 | D:3      | Reached skill level 1 in Hexes
  1375 | D:3      | Reached skill level 1 in Summonings
  1375 | D:3      | Reached skill level 1 in Necromancy
  1375 | D:3      | Reached skill level 1 in Translocations
  1375 | D:3      | Reached skill level 1 in Transmutations
  1375 | D:3      | Reached skill level 1 in Fire Magic
  1375 | D:3      | Reached skill level 1 in Ice Magic
  1375 | D:3      | Reached skill level 1 in Air Magic
  1375 | D:3      | Reached skill level 1 in Earth Magic
  1375 | D:3      | Reached skill level 1 in Poison Magic
  1582 | D:3      | Reached XP level 5. HP: 40/40 MP: 5/7
  2198 | D:4      | Found a bloodstained altar of Trog.
  2203 | D:4      | Found a staircase to the Ecumenical Temple.
  2219 | D:4      | Reached XP level 6. HP: 36/47 MP: 8/8
  2243 | Temple   | Entered the Ecumenical Temple
  2294 | Temple   | Became a worshipper of Nemelex Xobeh the Trickster
  2402 | D:4      | Reached skill level 5 in Dodging
  2625 | D:4      | Found a hazy altar of Hepliaklqana.
  2753 | D:5      | Entered Level 5 of the Dungeon
  2753 | D:5      | Noticed a water moccasin
  2765 | D:5      | Killed a water moccasin
  2766 | D:5      | Reached skill level 7 in Unarmed Combat
  2766 | D:5      | Reached XP level 7. HP: 25/52 MP: 10/10
  2881 | D:5      | Noticed Grinder
  2886 | D:5      | Found an ancient bone altar of Kikubaaqudgha.
  2890 | D:5      | Paralysed by Grinder for 5 turns
  2904 | D:5      | Paralysed by Grinder for 5 turns
  2913 | D:5      | Killed Grinder
  3343 | D:5      | Reached * piety under Nemelex Xobeh
  3472 | D:5      | Reached XP level 8. HP: 58/60 MP: 12/12
  3570 | D:5      | Received a gift from Nemelex Xobeh
  4451 | D:6      | Reached ** piety under Nemelex Xobeh
  4544 | D:6      | Noticed Prince Ribbit
  4561 | D:6      | Killed Prince Ribbit
  4562 | D:6      | Reached XP level 9. HP: 67/67 MP: 13/15
  5159 | D:7      | Reached skill level 5 in Fighting
  5173 | D:7      | Noticed a two-headed ogre
  5173 | D:7      | Noticed a troll
  5178 | D:7      | Identified the +3 war axe "Fumotsiv" {speed, Int+3 Stlth+}
  5181 | D:7      | Killed a troll
  5182 | D:7      | a two-headed ogre changed into a floating eye
  5184 | D:7      | Reached skill level 8 in Unarmed Combat
  5196 | D:7      | Reached skill level 5 in Invocations
  5204 | D:7      | Paralysed by a floating eye for 4 turns
  5302 | D:7      | Identified the staff "Jeivecei" {rC+ rCorr Ice}
  5417 | D:7      | Reached XP level 10. HP: 75/75 MP: 17/17
  5434 | D:7      | Reached skill level 5 in Short Blades
  5434 | D:7      | Reached skill level 5 in Long Blades
  5434 | D:7      | Reached skill level 5 in Axes
  5434 | D:7      | Reached skill level 5 in Maces & Flails
  5434 | D:7      | Reached skill level 5 in Polearms
  5434 | D:7      | Reached skill level 5 in Staves
  5434 | D:7      | Reached skill level 5 in Ranged Weapons
  5434 | D:7      | Reached skill level 5 in Throwing
  5434 | D:7      | Reached skill level 5 in Armour
  5434 | D:7      | Reached skill level 5 in Stealth
  5434 | D:7      | Reached skill level 5 in Shields
  5434 | D:7      | Reached skill level 5 in Spellcasting
  5434 | D:7      | Reached skill level 5 in Evocations
  5529 | D:7      | Found Nioniuxof's Assorted Antiques.
  5547 | D:7      | HP: 3/70 [wight/+3 war axe (12)]
  5547 | D:7      | Slain by a wight

Illustrated notes

Levels and vault maps discovered:
D:1:      reono_arrival_mine, layout_rooms, serial_bayou_lagoon_b
D:2:      layout_basic
D:3:      layout_loops_ring
D:4:      layout_cave_pools, mainiacjoe_overflow_cross_hatched,
          trog_butcher_becter, minmay_temple_entry_overgrown, serial_glass,
          glass_columns_c, glass_columns_b
D:5:      layout_loops_corners, kiku_gazebo_pond_becter,
          kennysheep_decorative_pillar, uniq_grinder
D:6:      minmay_bubble_buster, layout_basic, uniq_prince_ribbit1
D:7:      minmay_the_grid_square_5x5_3x3
          [minmay_the_grid_square_5x5_three_small,
          minmay_the_grid_square_5x5_detours,
          minmay_the_grid_square_5x5_two_small,
          minmay_the_grid_square_5x5_shuriken,
          minmay_the_grid_square_5x5_megaprize_open,
          minmay_the_grid_square_5x5_n_small,
          minmay_the_grid_square_5x5_bracketed,
          minmay_the_grid_square_5x5_checkered_statues,
          minmay_the_grid_square_5x5_almost_minimal], layout_cave_pods,
          mainiacjoe_overflow_small_starburst, ashenzari_conservatory_becter,
          serial_shops, shop, nicolae_shop_dragon_depot, grunt_ministairs_8
Temple:   nicolae_temple_figure_eight

Skill      XL: |  1  2  3  4  5  6  7  8  9 10 |
---------------+-------------------------------+-----
Invocations    | 1 2 3 4 5 |  5.6
Short Blades   | 1 2 4 5 |  5.1
Long Blades    | 1 2 4 5 |  5.1
Axes           | 1 2 4 5 |  5.1
Maces & Flails | 1 2 4 5 |  5.1
Polearms       | 1 2 4 5 |  5.1
Staves         | 1 2 4 5 |  5.1
Ranged Weapons | 1 2 4 5 |  5.1
Throwing       | 1 2 4 5 |  5.1
Armour         | 1 2 4 5 |  5.1
Stealth        | 1 2 4 5 |  5.1
Shields        | 1 2 4 5 |  5.1
Spellcasting   | 1 2 4 5 |  5.1
Evocations     | 1 2 4 5 |  5.1
Conjurations   | 1 2 3 4 |  4.2
Hexes          | 1 2 3 4 |  4.2
Summonings     | 1 2 3 4 |  4.2
Necromancy     | 1 2 3 4 |  4.2
Translocations | 1 2 3 4 |  4.2
Transmutations | 1 2 3 4 |  4.2
Fire Magic     | 1 2 3 4 |  4.2
Ice Magic      | 1 2 3 4 |  4.2
Air Magic      | 1 2 3 4 |  4.2
Earth Magic    | 1 2 3 4 |  4.2
Poison Magic   | 1 2 3 4 |  4.2
Fighting       | 3 4 5 |  5.7
Dodging        | 5 6 |  6.9
Unarmed Combat | 7 8 |  8.4
Shapeshifting  | 7 |  7.8

Action                     |  1- 3 |  4- 6 |  7- 9 | 10-12 || total
---------------------------+-------+-------+-------+-------++-------
  Melee: Unarmed           |    78 |   119 |   190 |    37 ||   424
         Bite              |     3 |     6 |    26 |     4 ||    39
         Punch             |       |     3 |    14 |     2 ||    19
 Invoke: Draw Summoning    |       |       |     2 |       ||     2
         Draw Destruction  |       |       |     3 |       ||     3
  Evoke: Wand              |       |       |     1 |       ||     1
    Use: Potion            |       |       |     1 |       ||     1
   Stab: Sleeping          |       |       |     3 |       ||     3
         Distracted        |       |       |     2 |       ||     2
 Armour: Animal skin       |     6 |       |       |       ||     6
         Ring mail         |     3 |    34 |    69 |    14 ||   120
  Dodge: Dodged            |    43 |    68 |   108 |    28 ||   247

Table legend: (Time is in decaauts)
 A = Elapsed time spent in this place.
 B = Non-inter-level travel time spent in this place.
 C = Inter-level travel time spent in this place.
 D = Time resting spent in this place.
 E = Time spent auto-exploring this place.
 F = Levels seen in this place.
 G = Mean time per level.
                   A        B        C        D        E       F      G
               +--------+--------+--------+--------+--------+-----+--------+
         Total |   5505 |   5149 |    356 |      0 |   4244 |   8 |  688.1 |
       Dungeon |   5422 |   5146 |    276 |      0 |   4244 |   7 |  774.6 |
        Temple |     82 |      2 |     80 |      0 |      0 |   1 |   82.0 |
               +--------+--------+--------+--------+--------+-----+--------+

Top non-repeatable levels by time:
     D:5: 1190 daAuts
     D:6: 1173 daAuts
     D:3: 900 daAuts
     D:2: 675 daAuts
     D:1: 598 daAuts
     D:4: 488 daAuts
     D:7: 397 daAuts
  Temple: 82 daAuts
